 Dungeon Crawl Stone Soup version 0.25-b1-23-ge2ad7d536c (webtiles) character file.

Game seed: 16968296442858967473, levelgen mode: deterministic

282469 diana the Peltast (level 19, -12/118 HPs)
             Began as a Demonspawn Fighter on June 1, 2020.
             Was the Champion of Okawaru.
             Killed from afar by a starcursed mass (13 damage)
             ... with an accursed screaming
             ... on level 3 of the Abyss.
             The game lasted 02:36:34 (48351 turns).

diana the Peltast (Demonspawn Fighter)             Turns: 48351, Time: 02:36:35

Health: -12/118    AC: 26    Str: 23 (24) XL:     19   Next: 73%
Magic:  19/19      EV: 12    Int:  6      God:    Okawaru [******]
Gold:   2264       SH: 23    Dex: 10      Spells: 18/18 levels left

rFire    + . .     SeeInvis .   K - +5 scimitar (drain)
rCold    . . .     Gourm    .   o - +1 tower shield {rPois}
rNeg     . . .     Faith    +   Q - +7 chain mail of Dishonour {rF+}
rPois    +         Spirit   .   (helmet unavailable)
rElec    +         Reflect  .   m - +2 cloak {Stlth+}
rCorr    .         Harm     .   N - +0 pair of gloves {Dex+3}
MR       +....     Rnd*Rage +   j - +2 pair of boots {run}
Stlth    ..........             E - amulet of Yshroh {Faith +Fly rElec Dex-2 Slay+3}
HPRegen  0.29/turn              r - +4 ring of slaying
MPRegen  0.16/turn              c - +4 ring of slaying

@: quick
A: horns 3, repulsion field 2, [berserk 2], [blurry vision 3], [clumsy 2],
[deformed body], [deterioration 2], [dopey 2], [frail 2], [low mp 2], powered by
death 2, screaming 1, spiny 3
}: 2/15 runes: decaying, serpentine
a: Heroism, Finesse, Renounce Religion, Evoke Flight


You were on level 3 of the Abyss.
You worshipped Okawaru.
Okawaru was exalted by your worship.
You were hungry.

You visited 8 branches of the dungeon, and saw 35 of its levels.
You visited the Abyss 4 times.
You also visited: Trove, Ice Cave and Volcano.

You collected 6117 gold pieces.
You spent 3853 gold pieces at shops.

Inventory:

Hand Weapons
 n - a +3 long sword of flaming
 q - a +0 vorpal double sword
 K - a +5 scimitar of draining (weapon)
Missiles
 p - 7 silver javelins
 H - 4 throwing nets (quivered)
Armour
 j - a +2 pair of boots of running (worn)
 m - a +2 cloak of stealth (worn)
 o - a +1 tower shield of poison resistance (worn)
 N - a +0 pair of gloves of dexterity (worn)
 Q - the +7 chain mail of Dishonour (worn) {rF+}
   (You bought it in a shop on level 2 of the Orcish Mines)

   It protects you from fire.
Jewellery
 c - a +4 ring of slaying (right hand)
 l - the brooch of Shielding {Spirit SH+8}
   (You bought it in a shop on level 10 of the Dungeon)

   [amulet of guardian spirit]

   It causes incoming damage to be split between your health and magic.
   It affects your SH (+8).
 r - a +4 ring of slaying (left hand)
 A - the ring of Buzes {rC+ rN+ Dex+5 SInv}
   (You found it in a treasure trove)

   [ring of protection from cold]

   It affects your dexterity (+5).
   It protects you from cold.
   It protects you from negative energy.
   It lets you see invisible.
 E - the amulet of Yshroh (around neck) {Faith +Fly rElec Dex-2 Slay+3}
   (You found it in a treasure trove)

   [amulet of faith]

   It allows you to gain divine favour quickly.
   It affects your dexterity (-2).
   It affects your accuracy and damage with ranged weapons and melee attacks
   (+3).
   It insulates you from electricity.
   It lets you fly.
Wands
 v - a wand of iceblast (12)
 G - a wand of clouds (10)
 I - a wand of acid (7)
 W - a wand of digging (2)
 Y - a wand of flame (12)
Scrolls
 a - 3 scrolls of immolation
 b - 3 scrolls of brand weapon
 g - 6 scrolls of fog
 h - 17 scrolls of remove curse
 t - 5 scrolls of teleportation
 x - 4 scrolls of blinking
 y - 2 scrolls of magic mapping
 B - 2 scrolls of summoning
 O - 3 scrolls of fear
 X - 2 scrolls of silence
Potions
 d - 3 potions of might
 e - 5 potions of resistance
 i - 2 potions of invisibility
 k - 11 potions of curing
 u - 3 potions of haste
 w - 2 potions of berserk rage
 z - 2 potions of cancellation
 D - 2 potions of mutation
 J - 6 potions of flight
 T - 5 potions of ambrosia
 V - 2 potions of magic
Miscellaneous
 L - a lightning rod (4/4)
 U - a lightning rod (4/4)
Comestibles
 f - 61 rations


   Skills:
 + Level 12.9 Fighting
 - Level 16.0 Long Blades
 - Level 7.0 Throwing
 + Level 16.5 Armour
 + Level 4.5 Dodging
 + Level 18.4 Shields
 - Level 7.0 Invocations


You had 18 spell levels left.
You didn't know any spells.
Your spell library contained the following spells:

 Spells                   Type           Power        Failure   Level  Hunger
 Animate Skeleton         Necr           N/A          99%         1    ##.....
 Apportation              Tloc           #.....       99%         1    ##.....
 Beastly Appendage        Tmut           #.....       99%         1    ##.....
 Corona                   Hex            #......      99%         1    ##.....
 Magic Dart               Conj           #...         99%         1    ##.....
 Shock                    Conj/Air       #...         99%         1    ##.....
 Sting                    Tmut/Pois      #...         99%         1    ##.....
 Summon Butterflies       Summ           #.......     99%         1    ##.....
 Summon Small Mammal      Summ           #...         99%         1    ##.....
 Blink                    Tloc           N/A          100%        2    ###....
 Call Imp                 Summ           #.......     100%        2    ###....
 Ensorcelled Hibernation  Hex/Ice        #.....       100%        2    ###....
 Poisonous Vapours        Pois/Air       #.....       100%        2    ###....
 Searing Ray              Conj           #.....       100%        2    ###....
 Shroud of Golubria       Chrm/Tloc      #.....       100%        2    ###....
 Slow                     Hex            #.......     100%        2    ###....
 Sticks to Snakes         Tmut           #.......     100%        2    ###....
 Call Canine Familiar     Summ           #.......     100%        3    ####...
 Confusing Touch          Hex            #.......     100%        3    ####...
 Conjure Flame            Conj/Fire      #.......     100%        3    ####...
 Dazzling Flash           Conj/Hex       #.....       100%        3    ####...
 Gell's Gravitas          Tloc           #.........   100%        3    ####...
 Ignite Poison            Fire/Tmut/Pois #.......     100%        3    ####...
 Inner Flame              Hex/Fire       #.......     100%        3    ####...
 Lesser Beckoning         Tloc           #.........   100%        3    ####...
 Mephitic Cloud           Conj/Pois/Air  #.......     100%        3    ####...
 Portal Projectile        Hex/Tloc       #.....       100%        3    ####...
 Recall                   Summ/Tloc      N/A          100%        3    ####...
 Spider Form              Tmut/Pois      #.........   100%        3    ####...
 Summon Guardian Golem    Hex/Summ       #.......     100%        3    ####...
 Teleport Other           Tloc           #.......     100%        3    ####...
 Tukima's Dance           Hex            #.......     100%        3    ####...
 Cause Fear               Hex            #.........   100%        4    #####..
 Fulminant Prism          Conj/Hex       #.........   100%        4    #####..
 Ice Form                 Ice/Tmut       #.......     100%        4    #####..
 Iskenderun's Mystic Bla  Conj/Tloc      #.......     100%        4    #####..
 Leda's Liquefaction      Hex/Erth       #.........   100%        4    #####..
 Olgreb's Toxic Radiance  Pois           #.......     100%        4    #####..
 Passage of Golubria      Tloc           N/A          100%        4    #####..
 Summon Ice Beast         Ice/Summ       #.......     100%        4    #####..
 Summon Lightning Spire   Summ/Air       #.......     100%        4    #####..
 Blade Hands              Tmut           #.........   100%        5    ######.
 Fireball                 Conj/Fire      #.........   100%        5    ######.
 Irradiate                Conj/Tmut      #.........   100%        5    ######.
 Lightning Bolt           Conj/Air       #.........   100%        5    ######.
 Summon Forest            Summ/Tloc      #.........   100%        5    ######.
 Freezing Cloud           Conj/Ice/Air   #.........   100%        6    #######
 Shadow Creatures         Summ           N/A          100%        6    #######
 Ring of Flames           Chrm/Fire      #.........   100%        7    #######
 Summon Hydra             Summ           #.........   100%        7    #######
 Dragon's Call            Summ           #.........   100%        9    #######


Dungeon Overview and Level Annotations

Branches:
Dungeon (14/15)            Temple (1/1) D:7            Lair (6/6) D:8
  Swamp (4/4) Lair:4        Snake (4/4) Lair:2        Slime (0/5) Lair:6
    Orc (2/2) D:10            Elf (3/3) Orc:2        Vaults (1/5) D:14
  IceCv (visited)         Volcano (visited)

Altars:
Ashenzari
Cheibriados
Dithmenos
Elyvilon
Fedhas
Gozag
Hepliaklqana
Kikubaaqudgha
Makhleb
Nemelex Xobeh
Okawaru
Qazlal
Ru
Sif Muna
Trog
Uskayaw
Vehumet
Wu Jian
Xom
Yredelemnul
Zin
The Shining One
Beogh
Jiyva

Shops:
D:4 :   D:7 =%:   D:9 [![(   D:10 =   Orc:1 :   Orc:2 [(=[?:=   Snake:1 [
Snake:3 *

Annotations:
Swamp:2 2 transporters, Zenkrye's ghost, adept HOFi
Elf:1 3 runed translucent doors, Pileg's ghost, adept FoFi


Innate Abilities, Weirdness & Mutations

You have a pair of large horns on your head.
You are surrounded by a moderate repulsion field. (EV +3)
You regenerate health from kills.
You are completely covered in sharp spines.
You occasionally shout uncontrollably at your foes.
[You often lose your temper in combat.]
[Scrolls take you much longer to read.]
[You are very clumsy. (Dex -4)]
[Armour fits poorly on your strangely shaped body.]
[Your body often deteriorates upon taking damage.]
[You are very dopey. (Int -4)]
[You are very frail. (-20% HP)]
[Your magical capacity is very low. (-20% MP)]


Message History

Unknown command.
Really read with blurry vision while enemies are nearby?
Something hits you but does no damage. x2
The golden eye blinks at you. You resist with almost no effort.
A deafening chorus of shrieks assaults your mind!
* * * LOW HITPOINT WARNING * * *
You begin reading the scroll.
You continue reading the scroll.
Something hits you but does no damage. You block something's attack.
The golden eye blinks at you. You resist with almost no effort.
The tentacled starspawn is struck by your spines.
The tentacled starspawn bites you!
* * * LOW HITPOINT WARNING * * *
You block the tentacled starspawn's attack.
The wretched star pulses with an eldritch light!
Your vision blurs.
You feel less energetic. x2
A starcursed mass splits.
A cacophony of accursed wailing tears at your sanity!
You die...

#ยง .# ..# #. ##
# . .# ...
##.###.# ## ..X
#.# # .###..#
#.X #....#....
..#...###XXX#.##
...X..X@GX# ...#
...#..##{#XX.)##
#. #XX##.## ..
##....# #*
######.# #.
##..# .+### . ##
...#....# #..##.
# ..# # .# . ..#


You could see 9 starcursed masses, 2 tentacled starspawn, a wretched star, a
large abomination and a golden eye.

Vanquished Creatures
  Bai Suzhen (Snake:4)
  Nikola (Swamp:3)
  A tentacled monstrosity (Swamp:1)
  Rupert (D:13)
  2 deep elf blademasters
  3 deep elf master archers (Elf:3)
  Frances (Swamp:2)
  A thorn hunter (Swamp:2)
  A tengu reaver (Vaults:1)
  Roxanne (Snake:4)
  7 nagarajas
  4 deep elf sorcerers (Elf:3)
  A fire giant (D:13)
  Aizul (Snake:4)
  An orc warlord (D:10)
  Louise (Snake:3)
  3 deep elf elementalists (Elf:3)
  The ghost of hydrownug the Fighter, a journeyman OgWn of Ru (Lair:6)
  A reaper (IceCv)
  2 very ugly things
  4 deep elf demonologists
  5 deep elf annihilators (Elf:3)
  A red draconian (Volcano)
  2 ettins
  3 fire dragons (Swamp:3)
  6 deep elf death magi (Elf:3)
  Harold (D:7)
  A ghost crab (Swamp:4)
  3 deep elf high priests (Elf:3)
  8 naga warriors
  18 hydras
  4 catoblepae
  8 anacondas
  14 death yaks
  4 centaur warriors
  16 dancing weapons
  An ogre mage (Vaults:1)
  2 shambling mangroves
  A queen ant (Lair:3)
  8 alligators
  2 tengu warriors
  4 two-headed ogres
  4 thrashing horrors (Abyss:3)
  6 naga sharpshooters
  3 orc high priests (Orc:2)
  4 shock serpents
  A soul eater (Abyss:3)
  3 fire crabs (Swamp:4)
  Sonja (Lair:5)
  A wretched star (Abyss:3)
  17 deep elf knights
  3 salamander mystics
  A shadow wraith (D:14)
  3 unseen horrors
  3 skeletal warriors (D:14)
  2 sea snakes (Snake:2)
  7 deep elf archers
  2 wizards
  An ironbrand convoker (Vaults:1)
  6 naga ritualists
  14 swamp dragons
  A necromancer (D:14)
  6 orc knights
  51 deep elf magi
  10 mana vipers
  A wolf spider (D:13)
  4 orc sorcerers
  4 manticores
  2 ugly things (D:13)
  A worldbinder (Abyss:3)
  4 cyclopes
  4 guardian serpents
  13 salamanders
  3 ice statues
  36 black mambas
  Joseph (D:7)
  3 gargoyles
  25 naga magi
  16 spiny frogs
  Maggie (D:7)
  An eye of devastation (Abyss:3)
  A storm dragon simulacrum (Abyss:3)
  A rime drake (Lair:5)
  A rime drake (shapeshifter) (D:13)
  5 komodo dragons
  3 kobold demonologists
  A freezing wraith (Lair:6)
  An efreet (Abyss:3)
  2 ancient zymes (Abyss:3)
  8 ice devils (IceCv)
  3 trolls
  A queen bee (shapeshifter) (D:14)
  2 polar bears
  16 hornets
  3 meliai (D:13)
  7 hippogriffs
  25 slime creatures
  8 tyrant leeches
  9 blink frogs
  11 dream sheep
  8 bog bodies
  4 air elementals
  3 shadows
  3 flying skulls (Abyss:3)
  Sigmund (D:2)
  A wraith (D:14)
  7 spriggans
  A wyvern (Lair:3)
  3 vampires
  A ynoxinul (Abyss:3)
  5 basilisks
  71 yaks
  2 fire elementals (Elf:2)
  2 hungry ghosts
  17 vampire mosquitoes
  3 wargs
  6 large abominations (Abyss:3)
  2 steam dragons
  60 nagas
  23 swamp worms
  9 insubstantial wisps (Swamp:3)
  An acid dragon (D:13)
  11 soldier ants (Lair:3)
  2 soldier ants (shapeshifter)
  11 water moccasins
  An acid dragon (shapeshifter) (D:13)
  Duvessa (D:7)
  3 porcupines
  25 orc warriors
  2 eyes of draining
  13 ice beasts
  2 sky beasts
  3 black bears
  5 phantoms
  20 swamp drakes
  A necrophage (D:6)
  12 ogres
  10 wolves
  6 centaurs
  8 crocodiles
  9 big kobolds
  13 bullfrogs
  A gnoll sergeant (Orc:2)
  A wyvern zombie (D:6)
  Dowan (D:7)
  An earth elemental (Elf:2)
  2 wyvern skeletons
  3 scorpions
  13 killer bees
  7 wights
  An electric eel (Snake:2)
  5 howler monkeys
  7 crimson imps
  2 centaur zombies
  6 bullfrog zombies
  A lava snake (Swamp:4)
  A starcursed mass (Abyss:3)
  3 jellies
  2 quasits
  A hound (D:10)
  7 centaur skeletons
  3 bullfrog skeletons
  25 orc priests
  A gnoll shaman (D:8)
  35 orc wizards
  An iguana (Lair:4)
  37 worker ants
  A killer bee zombie (D:6)
  7 small abominations
  A hound skeleton (D:11)
  2 hound zombies
  3 worker ant zombies
  Robin (D:2)
  17 gnolls
  6 adders
  3 shadow imps
  13 white imps
  9 ufetubi
  An ooze (D:1)
  2 adder skeletons
  An adder zombie (D:5)
  5 worms
  2 dart slugs
  5 leopard geckos
  136 orcs
  10 giant cockroaches
  17 goblins
  15 hobgoblins
  4 jackals
  16 kobolds
  5 quokkas
  3 ball pythons
  8 bats
  3 frilled lizards
  A jackal zombie (D:6)
  A quokka skeleton (D:6)
  A quokka zombie (D:5)
  5 rats
1390 creatures vanquished.

Vanquished Creatures (others)
  A vampire knight (Vaults:1)
  A hydra (Swamp:4)
  A deep elf archer (Elf:1)
  A deep elf mage (Elf:1)
  A spiny frog (Swamp:4)
  2 blink frogs (Swamp:4)
  A steam dragon (Swamp:4)
  A swamp drake (Swamp:4)
  An orc priest (Orc:2)
  An orc wizard (D:8)
  2 white imps (IceCv)
  2 ufetubi (IceCv)
  A kobold (D:12)
  A briar patch (Swamp:2)
  7 fungi
  8 plants
32 creatures vanquished.

Grand Total: 1422 creatures vanquished

Notes
Turn   | Place    | Note
-------+----------+-------------------------------------------
     0 | D:1      | diana the Demonspawn Fighter began the quest for the Orb.
     0 | D:1      | Reached XP level 1. HP: 18/18 MP: 1/1
   279 | D:1      | Gained mutation: You have a pair of small horns on your
                  | head. [demonic ancestry]
   279 | D:1      | Reached XP level 2. HP: 24/24 MP: 2/2
   508 | D:1      | Reached skill level 3 in Shields
   546 | D:1      | Reached XP level 3. HP: 29/29 MP: 3/3
  1286 | D:2      | Noticed Robin
  1432 | D:2      | Killed Robin
  1432 | D:2      | Gained mutation: You are partially covered in sharp spines.
                  | [demonic ancestry]
  1432 | D:2      | Reached XP level 4. HP: 30/35 MP: 4/4
  1539 | D:2      | Noticed Sigmund
  1593 | D:2      | Killed Sigmund
  1593 | D:2      | Reached skill level 4 in Shields
  1593 | D:2      | Gained mutation: You are surrounded by a mild repulsion
                  | field. (EV +2) [demonic ancestry]
  1593 | D:2      | Reached XP level 5. HP: 20/41 MP: 5/5
  2338 | D:3      | Reached XP level 6. HP: 42/47 MP: 6/6
  2873 | D:3      | Reached skill level 5 in Shields
  3263 | D:4      | Gained mutation: You have a pair of horns on your head.
                  | [demonic ancestry]
  3263 | D:4      | Reached XP level 7. HP: 52/52 MP: 7/7
  4009 | D:4      | Reached skill level 6 in Shields
  4063 | D:4      | Found Meqiec's Book Boutique.
  4392 | D:5      | Entered Level 5 of the Dungeon
  4533 | D:5      | Reached XP level 8. HP: 54/58 MP: 8/8
  4601 | D:5      | Reached skill level 5 in Armour
  5206 | D:5      | Reached skill level 7 in Shields
  5325 | D:5      | Reached skill level 5 in Long Blades
  6279 | D:6      | Reached skill level 8 in Shields
  6305 | D:6      | Reached XP level 9. HP: 64/64 MP: 9/9
  6869 | D:7      | Noticed Maggie
  6910 | D:7      | Found Ilovvab's Food Shoppe.
  6975 | D:7      | Found an opulent altar of Gozag.
  6977 | D:7      | Noticed Harold
  7097 | D:7      | Killed Harold
  7097 | D:7      | Reached skill level 9 in Shields
  7250 | D:7      | Noticed Dowan
  7261 | D:7      | Noticed Duvessa
  7267 | D:7      | Killed Maggie
  7271 | D:7      | Killed Duvessa
  7274 | D:7      | Noticed Joseph
  7280 | D:7      | Killed Dowan
  7283 | D:7      | Killed Joseph
  7283 | D:7      | Reached XP level 10. HP: 31/70 MP: 10/10
  7503 | D:7      | Found a staircase to the Ecumenical Temple.
  7512 | Temple   | Entered the Ecumenical Temple
  7816 | Temple   | Became a worshipper of Warmaster Okawaru
  7991 | D:7      | Found Ofuiti's Book Shoppe.
  8092 | D:7      | Found Xoerock's Jewellery Emporium.
  8268 | D:8      | Reached skill level 10 in Shields
  8669 | D:8      | Reached * piety under Okawaru
  8742 | D:8      | Found a staircase to the Lair.
  9125 | D:9      | Noticed a two-headed ogre
  9136 | D:9      | Killed a two-headed ogre
  9136 | D:9      | Reached ** piety under Okawaru
  9182 | D:9      | Reached skill level 11 in Shields
  9189 | D:9      | Found a shadowy altar of Dithmenos.
  9236 | D:9      | Found Uluuzopt's Antique Armour Shop.
  9255 | D:9      | Reached *** piety under Okawaru
  9261 | D:9      | Reached skill level 1 in Invocations
  9261 | D:9      | Reached XP level 11. HP: 43/75 MP: 11/11
  9442 | D:9      | Found Ytetomiv's Distillery.
  9762 | D:9      | Found Rewneu's Antique Armour Shop.
  9764 | D:9      | Bought a brightly glowing ring mail for 270 gold pieces
  9774 | D:9      | Identified the +5 ring mail of the Earth {rPois MR- Str+3}
                  | (You bought it in a shop on level 9 of the Dungeon)
 10006 | D:9      | Found Utish's Antique Weapon Shoppe.
 10205 | D:9      | Found an ancient bone altar of Kikubaaqudgha.
 10205 | D:9      | Noticed a deep elf mage
 10218 | D:9      | Killed a deep elf mage
 10264 | D:10     | Entered Level 10 of the Dungeon
 10486 | D:10     | Found a shimmering blue altar of Sif Muna.
 10495 | D:10     | Found a staircase to the Orcish Mines.
 10496 | D:10     | Noticed an orc knight
 10688 | Lair:1   | Entered Level 1 of the Lair of Beasts
 10714 | Lair:1   | Reached **** piety under Okawaru
 11251 | Lair:1   | Reached skill level 12 in Shields
 11262 | Lair:1   | Reached ***** piety under Okawaru
 11355 | Lair:1   | Reached skill level 5 in Invocations
 11887 | Lair:2   | Found a shadowy altar of Dithmenos.
 12087 | Lair:2   | Noticed a five-headed hydra
 12114 | Lair:2   | Found a staircase to the Snake Pit.
 12180 | Lair:2   | Gained mutation: You are mostly covered in sharp spines.
                  | [demonic ancestry]
 12180 | Lair:2   | Reached XP level 12. HP: 81/81 MP: 16/16
 12206 | Lair:2   | Killed a five-headed hydra
 12305 | Lair:2   | Received a gift from Okawaru
 13356 | D:10     | Found Erie's Jewellery Boutique.
 14047 | D:10     | Reached skill level 13 in Shields
 14235 | D:11     | Reached skill level 10 in Armour
 14756 | Orc:1    | Entered Level 1 of the Orcish Mines
 14760 | Orc:1    | Noticed an ettin
 14767 | Orc:1    | Killed an ettin
 14767 | Orc:1    | Reached skill level 10 in Long Blades
 14843 | Orc:1    | Found a roughly hewn altar of Beogh.
 14845 | Orc:1    | Noticed an orc warlord
 14994 | Lair:3   | Noticed a four-headed hydra
 15005 | Lair:3   | Killed a four-headed hydra
 15195 | Lair:3   | Gained mutation: You are completely covered in sharp
                  | spines. [demonic ancestry]
 15195 | Lair:3   | Reached XP level 13. HP: 86/87 MP: 18/18
 15266 | Lair:3   | Reached ****** piety under Okawaru
 15505 | Lair:3   | Reached skill level 14 in Shields
 16021 | D:12     | Received a gift from Okawaru
 16426 | D:10     | Killed an orc warlord
 16533 | Orc:1    | Received a gift from Okawaru
 16557 | Orc:1    | Found Jaifehus's Book Shoppe.
 16866 | Orc:2    | Entered Level 2 of the Orcish Mines
 16866 | Orc:2    | Found Tyorath's Armour Shop.
 16867 | Orc:2    | Found Riffith's Jewellery Emporium.
 17379 | Orc:2    | Found Erruesoc's Weapon Boutique.
 17885 | Orc:2    | Found a staircase to the Elven Halls.
 18124 | Orc:2    | Found a roughly hewn altar of Beogh.
 18200 | Orc:2    | Found Soiklelu's Antique Armour Shoppe.
 18200 | Orc:2    | Found Zammer's Jewellery Boutique.
 18202 | Orc:2    | Found Jitinn's Book Boutique.
 18202 | Orc:2    | Found Isen's Magic Scroll Shoppe.
 18211 | Orc:2    | Bought a scroll of acquirement for 832 gold pieces
 18213 | Orc:2    | Bought a smelly chain mail for 285 gold pieces
 18224 | Orc:2    | Identified the +7 chain mail of Dishonour {rF+} (You bought
                  | it in a shop on level 2 of the Orcish Mines)
 18390 | D:12     | Received a gift from Okawaru
 18390 | D:12     | Reached skill level 5 in Fighting
 18991 | D:13     | Noticed a red very ugly thing
 19062 | D:13     | Reached skill level 15 in Shields
 19062 | D:13     | Gained mutation: You are surrounded by a moderate repulsion
                  | field. (EV +3) [demonic ancestry]
 19062 | D:13     | Reached XP level 14. HP: 98/98 MP: 19/19
 19180 | D:13     | Noticed Rupert
 19198 | D:13     | Killed Rupert
 19757 | D:13     | Noticed a fire giant
 19773 | D:13     | Killed a fire giant
 20541 | D:13     | Killed a red very ugly thing
 20791 | Lair:4   | Received a gift from Okawaru
 21100 | Lair:4   | Found a staircase to the Swamp.
 22100 | Lair:5   | Noticed Sonja
 22111 | Lair:5   | Killed Sonja
 22862 | Lair:6   | Entered Level 6 of the Lair of Beasts
 23061 | Lair:6   | Found a dark tunnel.
 23095 | Volcano  | Entered a volcano
 23162 | Volcano  | Received a gift from Okawaru
 23259 | Volcano  | Gained mutation: You regenerate a little health from kills.
                  | [demonic ancestry]
 23259 | Volcano  | Reached XP level 15. HP: 102/108 MP: 20/20
 23581 | Lair:6   | Found a viscous altar of Jiyva.
 23581 | Lair:6   | Found a staircase to the Slime Pits.
 23790 | Lair:6   | Found a runed translucent door.
 23790 | Lair:6   | Found a shimmering altar of Xom.
 23790 | Lair:6   | Noticed hydrownug's ghost (journeyman OgWn)
 23820 | Lair:6   | Killed hydrownug's ghost
 24326 | Lair:6   | Received a gift from Okawaru
 25007 | Snake:1  | Entered Level 1 of the Snake Pit
 25230 | D:10     | Bought the brooch of Shielding {Spirit SH+8} for 831 gold
                  | pieces
 25230 | D:10     | Found the brooch of Shielding {Spirit SH+8}
 25771 | Snake:1  | Found Toto's Armour Shoppe.
 26428 | Snake:2  | Noticed a nagaraja
 27000 | Snake:2  | Killed a nagaraja
 27549 | Snake:2  | Found a runed translucent door.
 27909 | Snake:2  | Reached XP level 16. HP: 115/115 MP: 21/21
 28010 | Snake:2  | Received a gift from Okawaru
 28593 | Snake:2  | Got a shimmering hat {god gift}
 28599 | Snake:2  | Identified the +1 hat of a Gauntlet {Harm Str+4} (Okawaru
                  | gifted it to you on level 2 of the Snake Pit)
 28766 | Swamp:1  | Entered Level 1 of the Swamp
 29796 | Swamp:1  | Paralysed by a hornet for 1 turns
 29830 | Swamp:1  | Noticed a tentacled monstrosity
 29850 | Swamp:1  | Killed a tentacled monstrosity
 30714 | Swamp:2  | Noticed Frances
 30718 | Swamp:2  | Killed Frances
 30720 | Swamp:2  | Noticed a thorn hunter
 30808 | Swamp:2  | Reached skill level 15 in Armour
 31207 | Swamp:2  | Killed a thorn hunter
 31487 | Swamp:2  | Found a transporter.
 31487 | Swamp:2  | Noticed Zenkrye's ghost (adept HOFi)
 31501 | Swamp:2  | Found a transporter.
 32149 | Elf:1    | Entered Level 1 of the Elven Halls
 32184 | Elf:1    | Got a twitching silver amulet
 32187 | Elf:1    | Identified the amulet of Otealuso {Acrobat Str+2 Int+5}
                  | (You found it on level 1 of the Elven Halls)
 32608 | Elf:1    | Found a runed translucent gate.
 32608 | Elf:1    | Found a runed translucent gate.
 32608 | Elf:1    | Found a runed translucent gate.
 32611 | Elf:1    | Noticed Pileg's ghost (adept FoFi)
 32984 | Elf:1    | Received a gift from Okawaru
 32996 | Elf:1    | Found the +6 shillelagh "Devastator" {shatter}
 32998 | Elf:1    | Cast into level 3 of the Abyss (a deep elf demonologist)
 33165 | Abyss:3  | Gained mutation: You occasionally shout uncontrollably at
                  | your foes. [a neqoxec]
 33223 | Abyss:3  | Noticed a thorn hunter
 33528 | Elf:1    | Escaped the Abyss
 33810 | Elf:1    | Noticed a Hell Sentinel
 33812 | Elf:1    | Reached skill level 16 in Shields
 33916 | Elf:1    | Identified the Tome of Creation
 34419 | Elf:2    | Found a portal to a secret trove of treasure.
 34633 | D:9      | Bought the +3 warlock's mirror {reflect} for 1080 gold
                  | pieces
 34633 | D:9      | Found the +3 warlock's mirror {reflect}
 34837 | Elf:2    | You paid a toll of warlock's mirror to enter a treasure
                  | trove
 34838 | Trove    | Entered a treasure trove
 34847 | Trove    | Got a sparkling platinum ring
 34853 | Trove    | Got a twitching copper ring
 34855 | Trove    | Got a translucent pewter ring
 34861 | Trove    | Got a slimy steel amulet
 34863 | Trove    | Got a smoking ivory ring
 34867 | Trove    | Got a scorched steel ring
 34869 | Trove    | Got a flickering lapis lazuli ring
 34873 | Trove    | Got a faintly glowing pewter ring
 34892 | Elf:2    | Identified the ring "Ciebum" {+Fly rC+ rN+ MP+9 Int-4} (You
                  | found it in a treasure trove)
 34893 | Elf:2    | Identified the ring "Apnis" {Wiz Int+6 Dex+4 Slay+2} (You
                  | found it in a treasure trove)
 34895 | Elf:2    | Identified the ring of Buzes {rC+ rN+ Dex+5 SInv} (You
                  | found it in a treasure trove)
 34897 | Elf:2    | Identified the amulet of Yshroh {Faith +Fly rElec Dex-2
                  | Slay+3} (You found it in a treasure trove)
 34899 | Elf:2    | Identified the ring of Feosmott {rC+ Dex+6} (You found it
                  | in a treasure trove)
 34901 | Elf:2    | Identified the ring of Sloth {+Fly MR+ Str-2 Slay+2} (You
                  | found it in a treasure trove)
 34903 | Elf:2    | Identified the ring of Mutualism {+Fly Str+4} (You found it
                  | in a treasure trove)
 34908 | Elf:2    | Identified the ring of Moacidwa {rPois Slay+3} (You found
                  | it in a treasure trove)
 34973 | Elf:2    | Gained mutation: You have a pair of large horns on your
                  | head. [demonic ancestry]
 34973 | Elf:2    | Reached XP level 17. HP: 106/125 MP: 22/22
 35262 | Elf:2    | Received a gift from Okawaru
 35634 | Elf:2    | Found a huge runed translucent gate.
 35635 | Elf:2    | Found a huge runed translucent gate.
 35636 | Elf:2    | Found a huge runed translucent gate.
 35637 | Elf:2    | Found a huge runed translucent gate.
 35638 | Elf:2    | Found a huge runed translucent gate.
 35661 | Elf:2    | Noticed a deep elf blademaster
 35671 | Elf:2    | Killed a deep elf blademaster
 35684 | Elf:2    | Received a gift from Okawaru
 35688 | Elf:2    | Reached skill level 15 in Long Blades
 36237 | Elf:2    | Received a gift from Okawaru
 36253 | Elf:2    | Got a pair of encrusted gloves {god gift}
 36264 | Elf:2    | Identified the +0 pair of gloves "Astradaich" {Stlth+}
                  | (Okawaru gifted it to you on level 2 of the Elven Halls)
 36450 | Elf:3    | Entered Level 3 of the Elven Halls
 37083 | Snake:3  | Reached skill level 10 in Fighting
 37660 | Snake:3  | Noticed Louise
 37674 | Snake:3  | Killed Louise
 37707 | Snake:3  | Found Nogeprugui's Assorted Antiques.
 37719 | Snake:3  | Bought a potion of curing for 90 gold pieces
 37719 | Snake:3  | Bought a potion of curing for 90 gold pieces
 37719 | Snake:3  | Bought a scroll of teleportation for 90 gold pieces
 37719 | Snake:3  | Bought a scroll of blinking for 225 gold pieces
 37719 | Snake:3  | Bought a scroll of identify for 60 gold pieces
 38049 | Snake:4  | Entered Level 4 of the Snake Pit
 38303 | Snake:4  | Identified Roxanne's Collected Works on Clay
 38303 | Snake:4  | Noticed Roxanne
 38321 | Snake:4  | Killed Roxanne
 38530 | Snake:4  | Noticed Aizul
 38546 | Snake:4  | Killed Aizul
 38879 | Snake:4  | Noticed Bai Suzhen
 38894 | Snake:4  | Killed Bai Suzhen
 38894 | Snake:4  | Received a gift from Okawaru
 38898 | Snake:4  | Got a crystal demon blade {god gift}
 38899 | Snake:4  | Identified the +1 demon blade "Jemop" {elec, Int+2}
                  | (Okawaru gifted it to you on level 4 of the Snake Pit)
 39120 | Snake:4  | Gained mutation: You regenerate health from kills. [demonic
                  | ancestry]
 39120 | Snake:4  | Reached XP level 18. HP: 138/138 MP: 23/23
 39525 | Snake:4  | Reached skill level 17 in Shields
 39552 | Snake:4  | Received a gift from Okawaru
 40308 | Snake:4  | Got a serpentine rune of Zot
 40936 | Swamp:3  | Noticed Nikola
 40951 | Swamp:3  | Killed Nikola
 41443 | Swamp:4  | Entered Level 4 of the Swamp
 41461 | Swamp:3  | Received a gift from Okawaru
 41683 | Swamp:3  | Got a fine long sword {god gift}
 41684 | Swamp:3  | Identified the +4 long sword of the Tired Defenders {drain,
                  | rF+ rN+ Dex+6} (Okawaru gifted it to you on level 3 of the
                  | Swamp)
 42106 | Swamp:3  | Reached skill level 18 in Shields
 42428 | Swamp:3  | Reached skill level 1 in Throwing
 42866 | Swamp:4  | Got a decaying rune of Zot
 42961 | Swamp:4  | Reached skill level 1 in Dodging
 43033 | Swamp:4  | Received a gift from Okawaru
 44186 | D:14     | Found a gate to the Vaults.
 44259 | D:14     | Found a frozen archway.
 44263 | IceCv    | Entered an ice cave
 45210 | D:14     | Received a gift from Okawaru
 45306 | D:14     | Reached XP level 19. HP: 132/146 MP: 22/24
 46287 | Elf:3    | Received a gift from Okawaru
 46297 | Elf:3    | Reached skill level 5 in Throwing
 46312 | Elf:3    | Identified the +7 falchion of Victory {antimagic, rPois
                  | Str+3 Dex+2}
 46594 | Elf:3    | Cast into level 2 of the Abyss (a deep elf demonologist)
 46650 | Elf:3    | Escaped the Abyss
 46652 | Elf:3    | Identified the +4 flail "Laluh" {venom, rC+ Str+3}
 46762 | Elf:3    | Cast into level 3 of the Abyss (a deep elf sorcerer)
 46831 | Elf:3    | Escaped the Abyss
 47353 | Elf:3    | Identified Usogu's Catalogue of Salt
 47361 | Elf:3    | Got a wavering marble ring
 47363 | Elf:3    | Identified the ring of Rufer {+Fly Str+6 Stlth+} (You found
                  | it on level 3 of the Elven Halls)
 47392 | Elf:3    | Identified the Collected Works on Companions
 47396 | Elf:3    | Identified the +0 ring mail "Xiczar" {MR+ Int+4 Dex+3
                  | Slay+2} (You found it on level 3 of the Elven Halls)
 47412 | Elf:3    | Identified a +2 pair of boots of running (You found it on
                  | level 3 of the Elven Halls)
 47871 | Vaults:1 | Entered Level 1 of the Vaults
 47912 | Vaults:1 | Identified the cursed +0 scale mail of Hiepaunn {Regen+}
                  | (You found it on level 1 of the Vaults)
 48038 | Vaults:1 | Received a gift from Okawaru
 48058 | Vaults:1 | Cast into level 3 of the Abyss (a deep elf sorcerer)
 48146 | Abyss:3  | Found a corrupted altar of Lugonu.
 48351 | Abyss:3  | HP: 1/118 [tentacled starspawn (7)]
 48351 | Abyss:3  | Killed from afar by a starcursed mass

Illustrated notes

Levels and vault maps discovered:
D:1:      dpeg_arrival_houses_and_road, layout_rooms, minmay_cut_off
D:2:      layout_loops_cross, ebering_dispersal_statue_hall,
          chequers_decorated_corner, chequers_serial_rivers_large_a,
          serial_bayou_pond_d, uniq_sigmund, uniq_robin
D:3:      minmay_angry_zag, layout_rooms, minmay_goblin_kobold_house
D:4:      layout_loops_corners, serial_shops, nicolae_shop_crystal,
          first_ration, minmay_misc_feat_square, kennysheep_potato
D:5:      layout_cave_pods
D:6:      layout_loops_cross
D:7:      layout_rooms, minmay_temple_entry_ruins, serial_shops, shop, shop,
          nicolae_shop_trees, the_bakery, grunt_gozag_statues, uniq_maggie,
          uniq_harold, uniq_joseph, uniq_duvessa
D:8:      layout_loops_ring, erik_lair_orcish_takeover
D:9:      layout_roguey [special_room_orc],
          nicolae_dithmenos_through_a_glass_darkly, serial_shops,
          kennysheep_little_box, shop, shop, shop, david_defended_altar_elf
D:10:     cheibrodos_two_vegetables, layout_basic, orc_david_3, serial_shops,
          shop, basic_altar
D:11:     layout_rooms, wad_rectangle_vault
D:12:     layout_irregular_city
D:13:     minmay_the_grid_square_5x5_4x4_mashed
          [minmay_the_grid_square_5x5_inverted_slash,
          minmay_the_grid_square_5x5_detours,
          minmay_the_grid_square_5x5_minimal,
          minmay_the_grid_square_5x5_trominoes,
          minmay_the_grid_square_5x5_moneybag,
          minmay_the_grid_square_5x5_prize_waves,
          minmay_the_grid_square_5x5_prize_gold,
          minmay_the_grid_square_5x5_n_small,
          minmay_the_grid_square_5x5_tri_point,
          minmay_the_grid_square_5x5_prize_open,
          minmay_the_grid_square_5x5_prize_monsterx,
          minmay_the_grid_square_5x5_slash,
          minmay_the_grid_square_5x5_two_walls_b,
          minmay_the_grid_square_5x5_hollow_slash,
          minmay_the_grid_square_5x5_three_walls,
          minmay_the_grid_square_5x5_sharp_hourglass], layout_grid_maze,
          statue_in_the_mist_lemuel, uniq_rupert
D:14:     layout_grid_maze, david_vaults_4, roderic_lattice_a,
          portal_ice_cave_entry_pillars_2, minmay_fountain_box
Temple:   regret_index_temple_sigil_plot
Lair:1:   layout_cellular_growth, grunt_megastairs_3
Lair:2:   layout_roguey, minmay_snake_entry_guardpost_medium, basic_altar
Lair:3:   layout_loops_ring, zaba_anthell, lemuel_fruit_fields,
          serial_bayou_shore_b, lemuel_fruit_tree
Lair:4:   layout_regular_city, palyth_hydra_swamp_entry, serial_forest,
          infiniplex_forest_clump_medium, infiniplex_forest_clump_double,
          infiniplex_forest_lined_corner, infiniplex_forest_lined_room_2,
          infiniplex_forest_lined_corner, infiniplex_forest_end_2,
          infiniplex_forest_clump_diagonal, infiniplex_forest_lined_room_2
Lair:5:   layout_hall_layers, beast_lair_carwin_3, grunt_megastairs_5,
          uniq_sonja
Lair:6:   evilmike_catoblepas_cave, layout_regular_city,
          dpeg_slime_entry_enclosed_altar, nicolae_volcano_entry_two_sided,
          ebering_ghost_xom, ice2_lemuel, infiniplex_staircase_pool
Swamp:1:  layout_basic_swamp, evilmike_swamp_ruin_house_5,
          infiniplex_staircase_pool_2
Swamp:2:  layout_falls_marsh, gammafunk_ghost_berserking_beasts,
          evilmike_swamp_ruin_rubble_1, swamp_pool4, uniq_frances
Swamp:3:  layout_falls_marsh, hangedman_swamp_blocks, swamp_pool2,
          grunt_hermit_hut, uniq_nikola
Swamp:4:  swamp_fiery, layout_basic_swamp
Snake:1:  layout_misc_corridors, serial_shops, shop_statue
Snake:2:  layout_misc_corridors, lightli_airlock, serial_bayou_shore_a
Snake:3:  layout_concentric_octagons, serial_shops, shop_fountains, uniq_louise
Snake:4:  minmay_snake_end_coiled, layout_cave_pods, grunt_ministairs_8,
          uniq_bai_suzhen, uniq_roxanne, uniq_aizul
Orc:1:    layout_caves, basic_altar, serial_shops, shop
Orc:2:    grunt_orc_tribal_feast, layout_caves, serial_shops, shop,
          nicolae_shop_window_shopping, nicolae_shop_statue_plus,
          minmay_orc_temple_a
Elf:1:    minmay_elf_arrival_plus, layout_geoelf_octagon,
          gammafunk_ghost_tricky_traps, minmay_elf_demonology,
          hangedman_elf_targetted_burst
Elf:2:    layout_gridlike, enter_trove_1, hex_intersection, grunt_ministairs_13
Elf:3:    minmay_elf_hall_furrowed, layout_rooms
Vaults:1: v_misc_22, ontoclasm_vaults_idyll, hangedman_vaults_stream,
          nicolae_vaults_little_squares_2, grunt_vaults_twisty,
          vaults_room_large_hall, nicolae_vaults_asterisk,
          nicolae_vaults_little_squares_3, v_rooms_6, sword_in_stone,
          nicolae_vaults_little_squares_6, nicolae_vaults_little_squares_3,
          layout_vaults_maze_bifur
Abyss:3:  base: Vaults:4, minivault_25, due_exit_kobolds, abyss_greek_temple,
          nicolae_abyss_rune_left_handed, hangedman_abyss_or_decor_clamps,
          nicolae_abyss_rune_left_handed, hangedman_relentless_pull,
          evilmike_nicolae_abyss_rune_betentacled_crabyss,
          evilmike_nicolae_abyss_rune_betentacled_crabyss, abyss_furniture_001,
          nicolae_abyss_rune_star_stuff, base: Swamp:1, patterned_corridor,
          minivault_25_ag, patterned_corridor, evilmike_abyss_exit_10, base:
          D:4, evilmike_abyss_exit_mutagenic, due_exit_kobolds,
          due_exit_kobolds, hangedman_grunt_abyss_rune_horror_hoard,
          guppyfry_abyss_exit_imp_island, evilmike_abyss_exit_plants,
          nicolae_abyss_rune_star_stuff

Skill      XL: |  1  2  3  4  5  6  7  8  9 10 11 12 13 14 15 16 17 18 19 |
---------------+----------------------------------------------------------+-----
Long Blades    | 2 3 4 5 6 8 9 10 11 12 14 15 16 | 16.0
Shields        | 3 4 5 6 8 9 11 12 13 15 16 18 | 18.4
Armour         | 3 4 6 7 8 9 10 11 12 14 15 16 | 16.5
Invocations    | 1 5 7 |  7.0
Fighting       | 5 7 9 11 12 | 12.9
Throwing       | 3 7 |  7.0
Dodging        | 2 4 |  4.5

Action                   |  1- 3 |  4- 6 |  7- 9 | 10-12 | 13-15 | 16-18 | 19-21 || total
-------------------------+-------+-------+-------+-------+-------+-------+-------++-------
Melee: Long sword        |   132 |   126 |   232 |   717 |  1464 |   293 |       ||  2964
       Headbutt          |    14 |    25 |    61 |   213 |   483 |   423 |    76 ||  1295
       Unarmed           |       |       |       |       |    17 |       |       ||    17
       Double sword      |       |       |       |       |       |   297 |       ||   297
       Scimitar          |       |       |       |       |       |   858 |   330 ||  1188
Invok: Heroism           |       |       |       |     5 |    22 |    21 |     3 ||    51
       Finesse           |       |       |       |     1 |     9 |    10 |       ||    20
Evoke: Wand              |       |       |       |    35 |    59 |       |       ||    94
       Lightning rod     |       |       |       |     5 |    10 |       |       ||    15
       Tin of tremorston |       |       |       |       |       |     3 |       ||     3
  Use: Potion            |       |     1 |     3 |       |     2 |    14 |     3 ||    23
       Scroll            |       |     1 |       |    13 |     7 |    24 |     5 ||    50
 Stab: Petrified         |       |       |       |       |     3 |       |       ||     3
       Paralysed         |       |       |       |       |     2 |       |       ||     2
  Eat: Chunk             |     2 |     6 |    13 |    27 |    31 |    24 |     9 ||   112
       Ration            |       |       |       |       |     3 |    10 |       ||    13
Armor: Scale mail        |    72 |     2 |       |       |       |       |       ||    74
       Plate armour      |       |    45 |    87 |   219 |   104 |       |       ||   455
       Ring mail         |       |       |       |     2 |       |       |       ||     2
       Chain mail        |       |       |       |       |   338 |   409 |    71 ||   818
       Skin              |       |       |       |       |     2 |       |       ||     2
Dodge: Dodged            |    50 |    24 |    44 |   120 |   262 |   293 |    62 ||   855
Block: Kite shield       |    80 |    64 |    75 |       |       |       |       ||   219
       Tower shield      |       |       |    99 |   653 |  1456 |  1462 |   262 ||  3932
       Rpst.: Long sword |    23 |     4 |    11 |    29 |    61 |    15 |       ||   143
       Double sword      |       |       |       |       |       |    11 |       ||    11
       Scimitar          |       |       |       |       |       |    23 |    15 ||    38
